 Dungeon Crawl Stone Soup version 0.22-a0-521-gb1378044ac (webtiles) character file.

2939 Anathary the Covert (level 9, 0/67 HPs)
             Began as a Demonspawn Assassin on June 20, 2018.
             Slain by a wight
             ... wielding a +2 battleaxe
              (3 damage)
             ... on level 7 of the Dungeon.
             The game lasted 00:32:49 (6830 turns).

Anathary the Covert (Demonspawn Assassin)           Turns: 6830, Time: 00:32:49

Health: 0/67       AC:  6    Str: 14    XL:     9   Next: 51%
Magic:  9/9        EV: 13    Int: 12    God:
Gold:   394        SH:  0    Dex: 16    Spells: 8/8 levels left

rFire    + . .     SeeInvis .   t - +1 rapier (venom)
rCold    . . .     Gourm    .   (no shield)
rNeg     . . .     Faith    .   c - +1 robe
rPois    .         Spirit   .   (no helmet)
rElec    .         Reflect  .   d - +0 cloak
rCorr    .         Harm     .   (no gloves)
MR       .....                  (no boots)
Stlth    ++++......             (no amulet)
HPRegen  0.21/turn              r - ring of protection from fire
MPRegen  0.11/turn              (no ring)

@: drained
A: talons 1, slimy green scales 1, rot immunity
a: no special abilities


You were on level 7 of the Dungeon.
You were not hungry.

You visited 1 branch of the dungeon, and saw 7 of its levels.

You collected 394 gold pieces.

Inventory:

Hand Weapons
 a - a +2 dagger
 b - a +0 blowgun
 t - a +1 rapier of venom (weapon)
Missiles
 e - 30 poisoned needles
 f - 2 curare-tipped needles
Armour
 c - a +1 robe (worn)
 d - a +0 cloak (worn)
Jewellery
 r - a ring of protection from fire (left hand)
Wands
 x - a wand of random effects (35)
 z - a wand of flame (77)
Scrolls
 h - 6 scrolls of identify
 i - 2 scrolls of magic mapping
 l - a scroll of enchant armour
 v - a scroll of immolation
 w - 4 scrolls of teleportation
 y - a scroll of blinking
 A - 2 scrolls of remove curse
 C - a scroll of amnesia
Potions
 j - a potion of brilliance {unknown}
 k - a potion of lignification {unknown}
 m - 3 potions of curing
 n - 2 potions of flight {unknown}
 o - 4 potions of heal wounds {unknown}
 p - a potion of berserk rage {unknown}
 q - 2 potions of haste {unknown}
 s - a potion of might {unknown}
 u - 3 potions of mutation {unknown}
 B - a potion of cancellation {unknown}
Comestibles
 g - 8 rations


   Skills:
 + Level 4.8(3.8) Fighting
 + Level 7.6(6.5) Short Blades
 - Level 1.7(0.8) Throwing
 + Level 3.9(2.9) Dodging
 * Level 9.3(8.2) Stealth


You had 8 spell levels left.
You didn't know any spells.
Your spell library contained the following spells:

 Spells                   Type           Power        Failure   Level  Hunger
 Confuse                  Hex            #.......     69%         3    ####...
 Tukima's Dance           Hex            #.......     69%         3    ####...
 Ensorcelled Hibernation  Hex/Ice        #.....       45%         2    ###....
 Corona                   Hex            #......      32%         1    ##.....
 Dazzling Spray           Conj/Hex       #.....       69%         3    ####...


Dungeon Overview and Level Annotations

Branches:
Dungeon (7/15)
 Temple: D:4-7

Altars:
Cheibriados
Gozag
Nemelex Xobeh
Ru
The Shining One

Shops:
D:6 (   D:7 ***


Innate Abilities, Weirdness & Mutations

You have sharp toenails.
You are partially covered in slimy green scales. (AC +2)
You are immune to rotting.


Message History

The wight hits you with an enchanted battleaxe!
* * * LOW HITPOINT WARNING * * *
You feel drained.
* * * LOW HITPOINT WARNING * * *
You hit the wight. You claw the wight.
The wight is heavily damaged.
You completely miss the wight.
The wight is heavily damaged.
The wight barely misses you.
You hit the wight but do no damage. You claw the wight.
The wight is almost destroyed.
You hit the wight.
The wight is almost destroyed.
The wight barely misses you.
You hit the wight but do no damage. You claw the wight, but do no damage.
The wight is almost destroyed.
The wight hits you with an enchanted battleaxe!
* * * LOW HITPOINT WARNING * * *
You feel drained.
You die... #.. ......# .###.. ..##.# #....# #.##.# #..... ##.##.# # #..#.##.###...#.# ##. #..#.##.........######## #... #..#†# ####....#........ #.PPP

###..#.#######.#..########
#.P∩P.#.....).z@>....#.########
#..PP......#####.#####........#
#.....#.#.## #.# ########.#
..#.# #.#.# #.# .. #.#.. #.# #
#.##.# #.# #.# .# #.# #.# .#
#.# #.. ..


You could see a wight.

Vanquished Creatures
  Pikel (D:5)
  2 hippogriffs
  Menkaure (D:4)
  4 slaves (D:5)
  An ice beast (D:7)
  6 ogres
  A sky beast (D:5)
  A gnoll sergeant (D:6)
  4 scorpions
  A wight (D:7)
  A howler monkey (D:5)
  2 crimson imps (D:5)
  A bullfrog zombie (D:6)
  2 jellies
  5 orc wizards
  A centaur skeleton (D:6)
  2 orc priests (D:6)
  3 hounds
  Ijyb (D:5)
  9 worker ants
  A hound zombie (D:6)
  2 hound skeletons (D:7)
  8 gnolls
  3 adders
  2 shadow imps (D:6)
  A worm (D:2)
  A dart slug (D:2)
  4 leopard geckos
  17 orcs
  6 giant cockroaches
  12 goblins
  5 hobgoblins
  15 jackals
  4 quokkas
  2 ball pythons
  10 bats
  3 frilled lizards
  6 kobolds
  A quokka zombie (D:6)
  5 rats
157 creatures vanquished.

Notes
Turn   | Place    | Note
-------+----------+-------------------------------------------
     0 | D:1      | Anathary the Demonspawn Assassin began the quest for the Orb.
     0 | D:1      | Reached XP level 1. HP: 16/16 MP: 1/1
    99 | D:1      | Reached skill level 4 in Stealth
    99 | D:1      | Gained mutation: You are partially covered in slimy green scales. (AC +2) [demonic ancestry]
    99 | D:1      | Reached XP level 2. HP: 13/22 MP: 2/2
   778 | D:2      | Reached XP level 3. HP: 18/27 MP: 3/3
   939 | D:2      | Reached skill level 1 in Dodging
  1414 | D:2      | Gained mutation: You have sharp toenails. [demonic ancestry]
  1414 | D:2      | Reached XP level 4. HP: 31/34 MP: 4/4
  2059 | D:3      | Reached skill level 5 in Stealth
  2154 | D:4      | Noticed Menkaure
  2163 | D:4      | Killed Menkaure
  2163 | D:4      | Reached XP level 5. HP: 26/39 MP: 5/5
  2285 | D:4      | Noticed an ogre
  2291 | D:4      | Killed an ogre
  2291 | D:4      | Reached skill level 6 in Stealth
  2291 | D:4      | Reached XP level 6. HP: 46/46 MP: 6/6
  2640 | D:5      | Entered Level 5 of the Dungeon
  2664 | D:5      | Noticed a sky beast
  2674 | D:5      | Killed a sky beast
  2674 | D:5      | Reached XP level 7. HP: 30/51 MP: 7/7
  2867 | D:5      | Noticed Ijyb
  2882 | D:5      | Killed Ijyb
  3173 | D:5      | Reached skill level 7 in Stealth
  3628 | D:5      | Reached skill level 5 in Short Blades
  3688 | D:5      | Noticed Pikel
  3731 | D:5      | Killed Pikel
  3731 | D:5      | Reached XP level 8. HP: 22/60 MP: 8/8
  4381 | D:6      | Reached skill level 8 in Stealth
  4532 | D:6      | Noticed a hippogriff
  4551 | D:6      | Killed a hippogriff
  5100 | D:6      | Found an opulent altar of Gozag.
  5134 | D:6      | Found a glowing golden altar of the Shining One.
  5134 | D:6      | Found a sparkling altar of Nemelex Xobeh.
  5134 | D:6      | Found a sacrificial altar of Ru.
  5198 | D:6      | Gained mutation: You are immune to rotting. [demonic ancestry]
  5198 | D:6      | Reached XP level 9. HP: 31/65 MP: 9/9
  5502 | D:6      | Found Rirogh's Weapon Boutique.
  6144 | D:7      | Found Kymilee's General Store.
  6166 | D:7      | Reached skill level 9 in Stealth
  6358 | D:7      | Found Tocal's General Store.
  6364 | D:7      | Found a snail-covered altar of Cheibriados.
  6802 | D:7      | Found Suuwun's Assorted Antiques.
  6830 | D:7      | HP: 3/67 [wight/enchanted battleaxe (13)]
  6830 | D:7      | Slain by a wight

Vault maps used:
D:1:      giann_wishing_wells, moated_statue
D:4:      minmay_temple_entry_poolview, first_ration, uniq_robin, uniq_menkaure
D:5:      uniq_pikel, uniq_ijyb
D:6:      gammafunk_temple_overflow_forgotten, serial_shops,
          kennysheep_mini_moat, grunt_gozag_breadcrumbs
D:7:      nicolae_overflow_crystal_walls, serial_shops, shop,
          kennysheep_little_box, nicolae_shop_overgrown_old_shop, shop_fountains

Skill      XL: |  1  2  3  4  5  6  7  8  9 |
---------------+----------------------------+-----
Stealth        | 4 5 6 7 8 9 |  9.3
Short Blades   | 2 3 5 6 7 |  7.6
Dodging        | 1 2 3 |  3.9
Fighting       | 3 4 |  4.8
Throwing       | |  1.7

Action                   |  1- 3 |  4- 6 |  7- 9 || total
-------------------------+-------+-------+-------++-------
Melee: Dagger            |   182 |     8 |       ||   190
       Rapier            |       |    59 |   305 ||   364
       Kick              |       |    19 |    95 ||   114
  Use: Scroll            |       |     8 |     6 ||    14
       Potion            |       |       |     3 ||     3
 Stab: Sleeping          |     5 |     7 |     8 ||    20
       Invisible         |       |       |     5 ||     5
       Distracted        |       |       |     3 ||     3
  Eat: Ration            |     1 |     1 |     4 ||     6
Armor: Robe              |    82 |    20 |    55 ||   157
Dodge: Dodged            |   128 |    32 |   150 ||   310

Table legend:
 A = Spawn XP
 B = Non-spawn XP
 C = Spawn XP percentage of total XP
 D = Spawn monster count
 E = Non-spawn monster count
 F = Spawn count percentage of total count
 G = Total turns spent on level
                    A         B        C        D         E        F      G
               +---------+---------+-------+---------+---------+-------+---------
         Total |       0 |    4199 |   0.0 |       0 |     153 |   0.0 |  6830
               +---------+---------+-------+---------+---------+-------+---------
           D:1 |       0 |      35 |   0.0 |       0 |      19 |   0.0 |   831
           D:2 |       0 |      65 |   0.0 |       0 |      36 |   0.0 |   705
           D:3 |       0 |      61 |   0.0 |       0 |      15 |   0.0 |   607
           D:4 |       0 |     400 |   0.0 |       0 |       5 |   0.0 |   497
           D:5 |       0 |    1386 |   0.0 |       0 |      25 |   0.0 |  1477
           D:6 |       0 |    1464 |   0.0 |       0 |      31 |   0.0 |  2017
           D:7 |       0 |     788 |   0.0 |       0 |      22 |   0.0 |   696
               +---------+---------+-------+---------+---------+-------+---------
